 Dungeon Crawl Stone Soup version 0.28.0-49-g6dfe1f597d (webtiles) character file.

Game seed: 217155456399798814

112 klau3 the Chopper (level 4, -4/61 HPs)
             Began as a Minotaur Berserker on May 15, 2022.
             Was a Believer of Trog.
             Slain by a centaur (6 damage)
             ... on level 3 of the Dungeon.
             The game lasted 00:03:25 (2170 turns).

klau3 the Chopper (Minotaur Berserker)              Turns: 2170, Time: 00:03:28

Health: -4/61      AC:  5    Str: 23    XL:     4   Next: 64%
Magic:  3/3        EV: 11    Int:  4    God:    Trog [**....]
Gold:   102        SH:  0    Dex: 10    Spells: 3/3 levels left

rFire   . . .      SeeInvis .   i - +0 hand axe (drain)
rCold   . . .      Faith    .   (no shield)
rNeg    . . .      Spirit   .   c - +0 ring mail
rPois   .          Reflect  .   (helmet restricted)
rElec   .          Harm     .   (no cloak)
rCorr   .          Rampage  .   (no gloves)
Will    .....                   (no boots)
Stlth   ..........              (no amulet)
HPRegen 0.20/turn               (no ring)
MPRegen 0.08/turn               (no ring)

@: berserking, lethally poisoned (-4 -> -7), very quick
A: horns 2, retaliatory headbutt
a: Renounce Religion, Berserk, Trog's Hand


You were on level 3 of the Dungeon.
You worshipped Trog.
Trog was pleased with you.
You visited 1 branch of the dungeon, and saw 3 of its levels.

You collected 102 gold pieces.

Inventory:

Hand Weapons
 a - a +0 hand axe
 i - a +0 hand axe of draining (weapon)
 m - a +0 bardiche
Missiles
 j - 2 boomerangs (quivered)
Armour
 b - a +0 animal skin
 c - a +0 ring mail (worn)
Jewellery
 l - a +6 ring of intelligence
Scrolls
 d - 2 scrolls of fog {unknown}
 e - a scroll of magic mapping {unknown}
 f - a scroll of teleportation {unknown}
 h - a scroll of enchant weapon {unknown}
Potions
 g - a potion of degeneration {unknown}
 k - a potion of mutation {unknown}


   Skills:
 + Level 4.5 Fighting
 + Level 5.2 Axes
 + Level 3.2 Armour
 + Level 2.7 Dodging


You had 3 spell levels left.
You didn't know any spells.
Your spell library was empty.

Dungeon Overview and Level Annotations

Branches:
Dungeon (3/15)

Altars:
Fedhas


Innate Abilities, Weirdness & Mutations

You have a pair of horns on your head.
You reflexively headbutt those who attack you in melee.


Message History

A centaur is nearby!
A giant cockroach comes into view.
The centaur wields a +0 shortbow.
The centaur shoots an arrow.
The arrow hits you!
The centaur shoots an arrow.
The arrow hits you!
You see here 10 gold pieces.
You now have 102 gold pieces (gained 10).
The centaur shoots an arrow.
The arrow closely misses you.
An adder comes into view.
The adder hisses angrily.
The giant cockroach bites you but does no damage.
The giant cockroach barely misses you. You furiously retaliate!
You headbutt the giant cockroach.
You hit the giant cockroach but do no damage.
You drain the giant cockroach.
The giant cockroach is almost dead.
The giant cockroach bites you.
You hit the giant cockroach.
You kill the giant cockroach!
Trog accepts your kill.
You miss the adder. The adder barely misses you. The adder bites you.
You are poisoned.
The adder poisons you!
A red film seems to cover your vision as you go berserk!
You feel yourself moving faster!
You feel mighty!
You feel sick.
The centaur shoots an arrow.
The arrow hits you.
* * * LOW HITPOINT WARNING * * *
The adder closely misses you.
The centaur shoots an arrow.
The arrow hits you!
* * * LOW HITPOINT WARNING * * *
You feel a strong urge to attack something.
You feel sick. The adder completely misses you.
The centaur unwields a +0 shortbow.
The centaur hits you.
* * * LOW HITPOINT WARNING * * *
The centaur closely misses you.
You slice the adder!!
You kill the adder!
Trog accepts your kill.
You closely miss the centaur.
* * * LOW HITPOINT WARNING * * *
You feel sick. The centaur hits you.
You die...

########.# #.# ## #.# #.#
.# #.# #.# .# #.# #.# ###.
.# ..# #.# ... .# #..# #.#
##.####.###### #..# #.#
#.....†c...... ... #.#
#.....@.##### #.# #.#
.###..#...## #.# #)#
......#...### ##.## #.#
.##........######(..###.#
..##........##.....#.....#
............##.###...#####
..##..#...####.# ##.##
......#...####.####.#
.>##.###............#


You could see a centaur.

Vanquished Creatures
  An orc wizard (D:3)
  A gnoll (D:1)
  2 adders
  A worm (D:2)
  4 dart slugs
  2 orcs (D:3)
  4 bats (D:2)
  4 endoplasms
  2 giant cockroaches
  3 goblins
  4 hobgoblins
  9 jackals
  2 kobolds
  2 quokkas
  6 ball pythons
  2 frilled lizards (D:2)
  5 rats
54 creatures vanquished.

Notes
Turn   | Place    | Note
-------+----------+-------------------------------------------
     0 | D:1      | klau3 the Minotaur Berserker began the quest for the Orb.
     0 | D:1      | Reached XP level 1. HP: 19/19 MP: 0/0
   268 | D:1      | Reached XP level 2. HP: 21/27 MP: 1/1
   379 | D:1      | Reached skill level 4 in Axes
  1114 | D:2      | Reached XP level 3. HP: 28/33 MP: 2/2
  1312 | D:2      | Found a faded altar of an unknown god.
  1384 | D:2      | Reached ** piety under Trog
  1696 | D:2      | Reached XP level 4. HP: 39/41 MP: 3/3
  1997 | D:3      | Reached skill level 5 in Axes
  2040 | D:3      | Found a blossoming altar of Fedhas.
  2160 | D:3      | Noticed a centaur
  2169 | D:3      | HP: 3/61 [centaur (3)]
  2170 | D:3      | Slain by a centaur

Illustrated notes

Levels and vault maps discovered:
D:1:      nzn_arrival_water_spiral, layout_loops_ring, nicolae_grassy_gnolls
D:2:      layout_basic, ebering_ecumenical_altar_sacrificial
D:3:      layout_loops_ring, nicolae_uskayaw_en_pointe,
          mainiacjoe_overflow_cross_hatched

Skill      XL: |  1  2  3  4 |
---------------+-------------+-----
Axes           | 4 5 |  5.2
Fighting       | 4 |  4.5
Armour         | 3 |  3.2
Dodging        | |  2.7

Action                   |  1- 3 |  4- 6 || total
-------------------------+-------+-------++-------
Melee: Hand axe          |    64 |    29 ||    93
       Headbutt          |     9 |     4 ||    13
       Punch             |       |     1 ||     1
Invok: Berserk           |       |     2 ||     2
Armor: Animal skin       |     3 |       ||     3
       Ring mail         |    32 |    11 ||    43
Dodge: Dodged            |    55 |    17 ||    72
